 Dungeon Crawl Stone Soup version 0.18-a0-921-g28655ce (webtiles) character file.

15 4thArraOfDagon the Chopper (level 2, -1/40 HPs)
             Began as a Minotaur Chaos Knight on Dec 27, 2015.
             Slain by George's ghost (13 damage)
             ... on level 4 of the Dungeon.
             The game lasted 00:02:21 (629 turns).

4thArraOfDagon the Chopper (Minotaur Chaos Knight)   Turns: 629, Time: 00:02:21

Health: -1/40      AC:  9    Str: 21    XL:     2   Next: 34%
Magic:  1/1        EV:  8    Int:  9    God:    Xom [..*...]
Gold:   64         SH:  0    Dex:  9    Spells: 0 memorised, 1 level left

rFire  . . .     SeeInvis .     a - +0 hand axe (chaos)
rCold  . . .     Gourm    .     d - +0 chain mail
rNeg   . . .     Faith    .     (no shield)
rPois  .         Spirit   .     (helmet restricted)
rElec  .         Dismiss  .     (no cloak)
rCorr  .         Reflect  .     (no gloves)
SustAt .         Harm     .     (no boots)
MR     +....                    (no amulet)
Stlth  ..........               (no ring)
                                h - ring of protection from magic

@: berserking, very quick, somewhat resistant to hostile enchantments, extremely
unstealthy
A: retaliatory headbutt, horns 2
a: Renounce Religion


You were on level 4 of the Dungeon.
You worshipped Xom.
You were a toy of Xom.
You were not hungry.

You visited 1 branch of the dungeon, and saw 4 of its levels.

You collected 64 gold pieces.

Inventory:

Hand Weapons
 a - a +0 hand axe of chaos (weapon)
Armour
 d - a +0 chain mail (worn)
Jewellery
 h - a ring of protection from magic (left hand)
Scrolls
 b - a scroll of identify {unknown}
 j - a scroll of remove curse {unknown}
 k - a scroll of fear {unknown}
 m - a scroll of teleportation {unknown}
 n - a scroll of enchant weapon {unknown}
Potions
 e - a potion of might {unknown}
 f - a potion of mutation {unknown}
 g - a potion of haste {unknown}
Comestibles
 c - 2 bread rations
 i - a royal jelly
 l - a meat ration


   Skills:
 + Level 3.8 Fighting
 * Level 4.1 Axes
 + Level 2.9 Armour
 - Level 1.1 Dodging


You had one spell level left.
You didn't know any spells.

Dungeon Overview and Level Annotations

Branches:
Dungeon (4/15)
 Temple: D:4-7

Altars:
Vehumet

Annotations:
D:4 George's ghost, amateur GrFi


Innate Abilities, Weirdness & Mutations

You reflexively headbutt those who attack you in melee.
You have a pair of horns on your head.


Message History

George's ghost whispers, "Meet the emptiness of death!"
George's ghost hits you but does no damage.
George's ghost hits you!
You closely miss George's ghost. You headbutt George's ghost!
George's ghost is moderately damaged.
George's ghost hits you!
You slash George's ghost!
George's ghost flickers and vanishes!
Deactivating autopickup; reactivate with Ctrl-A.
Something hits you.
You hit something. You headbutt something.
No target in view!
No target in view!
No target in view!
No target in view!
You barely miss something. Something hits you but does no damage.
You closely miss something. Your headbutt misses something. Something hits you.
* * * LOW HITPOINT WARNING * * *
You miss something. Something hits you!
You die... "Huh?
Did I miss anything?"

. .. # ... #.
.... #.####
.....
#....##......
#............
#8?.
#..#@#.......
##...
#..#{#.######
8...
..##..#<#.###
#...
.............#
8..
...##..#...#.#
##_ ...#...#...#
## ### ...$..
#.#(# .# #..
....$.##.#.##.#
#.#
.......#'#...(##
##.#


There were no monsters in sight!

Vanquished Creatures
  An orc (D:3)
  2 goblins (D:1)
  3 jackals (D:1)
  2 bats
  A giant gecko skeleton (D:4)
  2 giant newts (D:1)
  2 kobolds (D:3)
  2 rats (D:1)
15 creatures vanquished.

Notes
Turn   | Place    | Note
--------------------------------------------------------------
     0 | D:1      | 4thArraOfDagon the Minotaur Chaos Knight began the quest for the Orb.
     0 | D:1      | Reached XP level 1. HP: 19/19 MP: 0/0
   295 | D:1      | Reached XP level 2. HP: 25/27 MP: 1/1
   471 | D:3      | Reached skill level 4 in Axes
   580 | D:4      | Found a radiant altar of Vehumet.
   606 | D:4      | Noticed George's ghost (amateur GrFi)
   621 | D:4      | XOM: potion effect (berserk rage)
   629 | D:4      | Slain by George's ghost

Vault maps used:
D:1:      evilmike_arrival_crescent, minmay_cut_off
D:2:      dk_yredelemnul_ordeal, uniq_sigmund
D:3:      gammafunk_temple_overflow_statue, minmay_close_crescents, uniq_iyjb
D:4:      nicolae_overflow_hidden_temple, kennysheep_little_box,
          minmay_temple_entry_statues_pillars, first_bread

Action                   || total
-------------------------++-------
Melee: Hand axe          ||    26
